[Event "Titled Tuesday Blitz January 18 2022"]
[White "Aradhya, Garg"]
[Black "Khodzhamkuliev, Bahadur"]
[WhiteFideId "25006746"]
[BlackFideId "24135046"]
[WhiteElo "2169"]
[BlackElo "2130"]
[Result "1-0"]
[Round "05"]
[TimeControl "180+1"]
[Date "2022.01.18"]
[WhiteClock "0:00:23"]
[BlackClock "0:00:04"]

1. d4 Nc6 2. Nf3 Nf6 3. c4 d6 4. Nc3 g6 5. d5 Nb8 6. e4 Bg7 7. Be2 Bg4 8. O-O O-O 9. Be3 c5 10. a3 a6 11. b4 Nbd7 12. Rb1 cxb4 13. axb4 Rc8 14. Nd2 Bxe2 15. Qxe2 b5 16. Rfc1 Ne5 17. c5 dxc5 18. bxc5 e6 19. Bd4 Nh5 20. g3 exd5 21. exd5 Re8 22. Nde4 Nc4 23. Qd1 f5 24. Bxg7 Nxg7 25. Nd2 Nxd2 26. Qxd2 Rxc5 27. d6 Qd7 28. Qa2+ Qf7 29. Qxa6 Rd8 30. Nxb5 Rxc1+ 31. Rxc1 Qd5 32. Qb6 Rd7 33. Rc8+ Kf7 34. Rc7 Ke6 35. Rxd7 Kxd7 36. Qc7+ 1-0


[Site "https://www.chess.com"]

[Event "Titled Tuesday Blitz January 18 2022"]
[White "Azadaliyev, Jahandar"]
[Black "Lehtosaari, Mauri"]
[WhiteFideId "13425811"]
[BlackFideId "501999"]
[WhiteElo "1795"]
[BlackElo "2477"]
[Result "0-1"]
[Round "05"]
[TimeControl "180+1"]
[Date "2022.01.18"]
[WhiteClock "0:01:43"]
[BlackClock "0:01:22"]

1. d4 d5 2. c4 c6 3. e3 Nf6 4. Nf3 Bg4 5. Nbd2 e6 6. Be2 Nbd7 7. O-O Bd6 8. b3 O-O 9. Bb2 Ne4 10. Nxe4 dxe4 11. Nd2 Bxe2 12. Qxe2 f5 13. Rad1 Qh4 14. g3 Qh6 15. f3 Nf6 16. fxe4 Nxe4 17. Nxe4 fxe4 18. Bc1 Qg5 19. Qg2 Qg4 20. Bd2 h6 21. b4 a6 22. Bc3 Rf3 23. Rxf3 exf3 24. Qf2 Rf8 25. d5 Qxc4 26. Qb2 f2+ 0-1


[Site "https://www.chess.com"]

[Event "Titled Tuesday Blitz January 18 2022"]
[White "Babazada, Khazar"]
[Black "Wong, Yinn Long"]
[WhiteFideId "13413554"]
[BlackFideId "5707684"]
[WhiteElo "2418"]
[BlackElo "2055"]
[Result "0-1"]
[Round "05"]
[TimeControl "180+1"]
[Date "2022.01.18"]
[WhiteClock "0:00:31"]
[BlackClock "0:00:09"]

1. Nf3 c5 2. g3 g6 3. Bg2 Bg7 4. O-O Nc6 5. c4 d6 6. Nc3 e5 7. Rb1 Nge7 8. a3 a5 9. e3 O-O 10. d4 exd4 11. exd4 cxd4 12. Nb5 Bf5 13. Ra1 Be6 14. b3 d3 15. Ra2 a4 16. bxa4 Bxc4 17. Rd2 d5 18. Bb2 Bxb2 19. Rxb2 Nf5 20. Qd2 Rxa4 21. Bh3 Nd6 22. Qh6 Ne4 23. Nc3 Ra5 24. Rxb7 Qf6 25. Nxe4 dxe4 26. Nd2 Bd5 27. Bg2 Nd4 28. Rd7 Qe6 29. Rxd5 Rxd5 30. Nxe4 Rh5 31. Qf4 Ne2+ 0-1


[Site "https://www.chess.com"]

[Event "Titled Tuesday Blitz January 18 2022"]
[White "Bilan, Danila"]
[Black "Nenezic, Marko"]
[WhiteFideId "24161918"]
[BlackFideId "912123"]
[WhiteElo "2164"]
[BlackElo "2484"]
[Result "1/2-1/2"]
[Round "05"]
[TimeControl "180+1"]
[Date "2022.01.18"]
[WhiteClock "0:00:06"]
[BlackClock "0:00:06"]

1. d4 Nf6 2. Nf3 g6 3. Bg5 Bg7 4. c3 O-O 5. Nbd2 d6 6. e4 Qe8 7. Be2 e5 8. dxe5 dxe5 9. O-O h6 10. Be3 Nbd7 11. h3 Nh5 12. Re1 Nf4 13. Bf1 Qe7 14. Qc2 g5 15. Rad1 Nb6 16. Nh2 Be6 17. b4 Rfd8 18. a4 a5 19. Bc5 Qe8 20. b5 Bf8 21. Be3 Qe7 22. c4 Nd7 23. Nb3 b6 24. c5 Nxc5 25. Nxc5 bxc5 26. Bc4 Bxc4 27. Qxc4 Qe6 28. Qxe6 Nxe6 29. Ng4 Bd6 30. Nxh6+ Kg7 31. Nf5+ Kf6 32. Rd5 Nd4 33. Bxd4 cxd4 34. Rc1 Ke6 35. Rc6 Rab8 36. Kf1 Rb6 37. Rxb6 cxb6 38. Ke2 Bc7 39. Rxd8 Bxd8 40. Kd3 Be7 41. Kc4 Ba3 42. Ng7+ Kf6 43. Nf5 Bc5 44. Kd3 Ke6 45. g3 Kf6 46. f3 Bb4 47. Kc4 Ke6 48. Ng7+ Kd7 49. Nf5 Be1 50. Kd3 Ke6 51. h4 gxh4 52. gxh4 Kf6 53. Nd6 Bxh4 54. Nc4 Ke6 55. Nxb6 Bd8 56. Nd5 f6 57. Kc4 Kd6 58. f4 exf4 59. Kxd4 f3 60. Ke3 Ke5 61. Kxf3 f5 62. Nc3 fxe4+ 63. Nxe4 Kd4 64. Nd6 Bc7 65. Ne8 Bb6 66. Nd6 Kc5 67. Nb7+ Kb4 68. Nxa5 Bxa5 69. b6 Bxb6 70. a5 Bxa5 1/2-1/2


[Site "https://www.chess.com"]

[Event "Titled Tuesday Blitz January 18 2022"]
[White "Bortnyk, Olexandr"]
[Black "Barria Zuniga, Daniel"]
[WhiteFideId "14120828"]
[BlackFideId "3400816"]
[WhiteElo "2723"]
[BlackElo "2414"]
[Result "1-0"]
[Round "05"]
[TimeControl "180+1"]
[Date "2022.01.18"]
[WhiteClock "0:00:19"]
[BlackClock "0:00:57"]

1. e4 c5 2. Nf3 e6 3. c3 d5 4. Bd3 dxe4 5. Bxe4 Nf6 6. Bc2 Nc6 7. O-O Be7 8. Qe2 O-O 9. Rd1 Qc7 10. d4 cxd4 11. cxd4 Nb4 12. Bb3 b6 13. Nc3 Ba6 14. Nb5 Bxb5 15. Qxb5 a6 16. Qe2 Rfd8 17. Bg5 Nfd5 18. Rac1 Qb7 19. Bxe7 Nxe7 20. Bxe6 fxe6 21. Qxe6+ Kh8 22. Ne5 Rf8 23. Nf7+ Rxf7 24. Qxf7 Nbd5 25. Re1 h6 26. Re6 Qd7 27. Rce1 Rc8 28. h4 Rc7 29. R1e5 Kh7 30. Rxh6+ 1-0


[Site "https://www.chess.com"]

[Event "Titled Tuesday Blitz January 18 2022"]
[White "Bryakin, Mikhail"]
[Black "Nguyen Hong Nhung"]
[WhiteFideId "4165314"]
[BlackFideId "12412201"]
[WhiteElo "2421"]
[BlackElo "1661"]
[Result "1-0"]
[Round "05"]
[TimeControl "180+1"]
[Date "2022.01.18"]
[WhiteClock "0:01:07"]
[BlackClock "0:00:57"]

1. d4 f5 2. Nc3 Nf6 3. Bg5 d5 4. Bxf6 exf6 5. Nf3 Be6 6. e3 Qd7 7. Bd3 Nc6 8. Ne2 Nb4 9. a3 Nxd3+ 10. Qxd3 g5 11. h4 g4 12. Nd2 Bd6 13. Nf4 Bf7 14. g3 O-O-O 15. b4 Rde8 16. Kf1 h5 17. Kg2 Qa4 18. Qxf5+ Kb8 19. Qd3 Rhg8 20. Rhe1 a6 21. Qb3 Qc6 22. a4 Re7 23. b5 Qb6 24. c3 Bxf4 25. exf4 Rge8 26. Rxe7 Rxe7 27. Qb4 Re2 28. Nb3 Ka7 29. bxa6 Qxb4 30. cxb4 Kxa6 31. Nc5+ Kb6 32. Nd7+ Kc6 33. Nxf6 Rd2 34. b5+ Kd6 35. a5 Rxd4 36. a6 bxa6 37. bxa6 Ke6 38. a7 Kxf6 39. a8=Q Bg6 40. Qh8+ 1-0


[Site "https://www.chess.com"]

[Event "Titled Tuesday Blitz January 18 2022"]
[White "Budrewicz, Krzysztof"]
[Black "Leiva, Gianmarco"]
[WhiteFideId "1127950"]
[BlackFideId "3804399"]
[WhiteElo "2248"]
[BlackElo "2328"]
[Result "0-1"]
[Round "05"]
[TimeControl "180+1"]
[Date "2022.01.18"]
[WhiteClock "0:02:01"]
[BlackClock "0:01:52"]

1. d4 Nf6 2. c4 e6 3. Nf3 d5 4. g3 Be7 5. Bg2 O-O 6. O-O c6 7. Qc2 Nbd7 8. Rd1 b6 9. b3 Bb7 10. Nc3 Rc8 11. cxd5 cxd5 12. Qb2 Ne4 13. Nxe4 dxe4 14. Nd2 f5 15. Nf1 Nf6 16. Bf4 Nd5 17. Be5 Bb4 18. Rac1 Nc3 19. Rd2 Qe7 20. Rdc2 Ba3 21. Qa1 Bxc1 0-1


[Site "https://www.chess.com"]

[Event "Titled Tuesday Blitz January 18 2022"]
[White "Cherniaiev, Tykhon"]
[Black "Plotkin, Mark"]
[WhiteFideId "14182360"]
[BlackFideId "2611651"]
[WhiteElo "2289"]
[BlackElo "2178"]
[Result "0-1"]
[Round "05"]
[TimeControl "180+1"]
[Date "2022.01.18"]
[WhiteClock "0:00:08"]
[BlackClock "0:00:38"]

1. Nf3 Nf6 2. c4 c6 3. b3 d5 4. Bb2 Bf5 5. g3 h6 6. Bg2 e6 7. O-O Nbd7 8. Nc3 Be7 9. Re1 O-O 10. d4 Ne4 11. Nxe4 Bxe4 12. Nd2 Bxg2 13. Kxg2 f5 14. f3 Nf6 15. e4 fxe4 16. fxe4 Bb4 17. exd5 exd5 18. Rf1 Qe7 19. a3 Bxd2 20. Qxd2 Qe4+ 21. Kg1 Ng4 22. Rfe1 Qf3 23. Qe2 Qf2+ 24. Qxf2 Rxf2 25. Bc1 Rxh2 26. Re7 Rf8 27. Bf4 g5 28. Be5 Rff2 29. Re1 Rfg2+ 30. Kf1 Rb2 31. Kg1 Rhg2+ 32. Kh1 Rgc2 33. Kg1 Nh2 34. g4 Nf3+ 35. Kh1 Rh2+ 36. Bxh2 Rxh2# 0-1


[Site "https://www.chess.com"]

[Event "Titled Tuesday Blitz January 18 2022"]
[White "Chernobay, Artem"]
[Black "Punin, Andrii"]
[WhiteFideId "4167406"]
[BlackFideId "14112639"]
[WhiteElo "2473"]
[BlackElo "2357"]
[Result "1-0"]
[Round "05"]
[TimeControl "180+1"]
[Date "2022.01.18"]
[WhiteClock "0:00:07"]
[BlackClock "0:00:01"]

1. d4 Nf6 2. c4 e6 3. Nf3 d5 4. g3 dxc4 5. Bg2 c6 6. O-O b5 7. a4 Bb7 8. Ne5 a6 9. Bg5 Be7 10. Nc3 O-O 11. e3 Nfd7 12. Bxe7 Qxe7 13. axb5 axb5 14. Rxa8 Bxa8 15. b3 Nxe5 16. dxe5 cxb3 17. Qxb3 Nd7 18. f4 Nb6 19. Ne4 Nc4 20. Ra1 Qc7 21. Nc5 Rd8 22. Ra6 Bb7 23. Ra7 Qb6 24. Nxb7 Qxa7 25. Nxd8 Qa1+ 26. Kf2 h5 27. Bxc6 Qc1 28. Qd3 Qb2+ 29. Qe2 Qb4 30. Be8 f5 31. exf6 gxf6 32. Nxe6 Qe7 33. Bxb5 Nd6 34. Nd4 h4 35. Kg2 Qe4+ 36. Qf3 Qb1 37. Qd5+ Nf7 38. Bc4 1-0


[Site "https://www.chess.com"]

[Event "Titled Tuesday Blitz January 18 2022"]
[White "Chigaev, Maksim"]
[Black "Indjic, Aleksandar"]
[WhiteFideId "4108116"]
[BlackFideId "911925"]
[WhiteElo "3028"]
[BlackElo "2926"]
[Result "1-0"]
[Round "05"]
[TimeControl "180+1"]
[Date "2022.01.18"]
[WhiteClock "0:00:10"]
[BlackClock "0:00:13"]

1. d4 Nf6 2. c4 c5 3. d5 e6 4. Nc3 exd5 5. cxd5 d6 6. e4 g6 7. f4 Bg7 8. Bb5+ Nfd7 9. a4 O-O 10. Nf3 Na6 11. O-O Nb4 12. f5 Ne5 13. Bf4 Qe7 14. Qd2 a6 15. Be2 Bd7 16. a5 gxf5 17. Nxe5 Bxe5 18. Bxe5 Qxe5 19. Qh6 fxe4 20. Rf6 Bf5 21. Rf1 Bg6 22. h4 e3 23. h5 Bc2 24. Rxd6 f5 25. Re6 Qg7 26. Qxg7+ Kxg7 27. h6+ Kg8 28. Rxe3 Rae8 29. Rg3+ Kh8 30. Bf3 Rf6 31. Rg7 Rxh6 32. Rxb7 Nd3 33. Rb6 Rxb6 34. axb6 Rb8 35. Bd1 Bxd1 36. Rxd1 c4 37. Na4 Kg7 38. b3 Ne5 39. bxc4 Nxc4 40. d6 Rd8 41. b7 Na5 42. Nc5 Kf6 43. Rb1 Nc6 44. Rb6 Nb8 45. Nxa6 Nxa6 46. Rxa6 Rb8 47. Rb6 Ke6 48. Kf2 h5 49. Kg3 Rg8+ 50. Kh4 Rb8 51. Kxh5 Rh8+ 52. Kg5 Rg8+ 53. Kf4 Rb8 54. g3 Kd7 55. Kxf5 Rf8+ 56. Ke5 Rb8 57. Rb2 Re8+ 58. Kf6 Rf8+ 59. Kg7 Rb8 60. g4 Kxd6 61. g5 Kc7 62. g6 Kc6 63. Kh7 1-0


[Site "https://www.chess.com"]

[Event "Titled Tuesday Blitz January 18 2022"]
[White "Claridge-Hansen, William"]
[Black "Guz, Ari"]
[WhiteFideId "422509"]
[BlackFideId "2825759"]
[WhiteElo "2261"]
[BlackElo "1913"]
[Result "1-0"]
[Round "05"]
[TimeControl "180+1"]
[Date "2022.01.18"]
[WhiteClock "0:00:03"]
[BlackClock "0:00:20"]

1. c4 e6 2. g3 Nf6 3. Bg2 Be7 4. Nf3 O-O 5. O-O d5 6. b3 dxc4 7. bxc4 c5 8. Nc3 Nc6 9. Rb1 Rb8 10. d3 b6 11. a3 Bb7 12. Bb2 h6 13. Ba1 Qd7 14. Qc2 Ba8 15. e3 Rbc8 16. Qe2 Rfd8 17. Ne1 Bd6 18. f4 Ne7 19. Ne4 Nxe4 20. dxe4 Ng6 21. Rd1 Qc7 22. e5 Bf8 23. Bxa8 Rxa8 24. Nf3 Ne7 25. e4 Qb7 26. g4 Nc6 27. f5 Rxd1 28. Rxd1 Rd8 29. Rxd8 Nxd8 30. Qd3 Nc6 31. g5 exf5 32. exf5 hxg5 33. Nxg5 Nxe5 34. Bxe5 f6 35. Bxf6 gxf6 36. Ne6 Bg7 37. Qg3 Qf7 38. Qg4 Kh8 39. h4 Bh6 40. h5 Qd7 41. Qf3 Kh7 42. Qe2 Qd6 43. Qg2 Qd1+ 44. Kf2 Qxh5 45. Qb7+ Kg8 46. Qc8+ Kh7 47. Qd7+ Kh8 48. Qd8+ Kh7 49. Qxf6 Kg8 50. Qd8+ Kh7 51. Qd7+ Kg8 52. Qd8+ Kf7 53. Qd7+ Kf6 54. Qd8+ Kxf5 55. Nc7 Qh2+ 56. Ke1 Qe5+ 57. Kd1 Qf4 58. Qd7+ Kg5 59. Qd5+ Kg4 60. Ne6 Qc1+ 61. Ke2 Qc2+ 62. Ke1 Qc1+ 63. Ke2 Qc2+ 64. Kf1 Bg5 65. Qxg5+ Kf3 66. Qf4# 1-0


[Site "https://www.chess.com"]

[Event "Titled Tuesday Blitz January 18 2022"]
[White "Concio, Michael Jr."]
[Black "Przybylski, Wojciech"]
[WhiteFideId "5217873"]
[BlackFideId "1117599"]
[WhiteElo "1896"]
[BlackElo "2133"]
[Result "0-1"]
[Round "05"]
[TimeControl "180+1"]
[Date "2022.01.18"]
[WhiteClock "0:00:02"]
[BlackClock "0:00:06"]

1. e4 e5 2. Nf3 Nc6 3. Nc3 Nf6 4. Be2 Be7 5. O-O O-O 6. d4 d6 7. h3 a6 8. Be3 Re8 9. Qd2 h6 10. Rad1 exd4 11. Nxd4 Nxd4 12. Bxd4 Bf8 13. Bf3 Nd7 14. Rfe1 Ne5 15. Be2 Be6 16. f4 Nc4 17. Qc1 b5 18. Bf3 Rb8 19. b3 Nb6 20. f5 Bd7 21. f6 g6 22. Nd5 c5 23. Ba1 Nxd5 24. exd5 Qa5 25. a3 Rxe1+ 26. Rxe1 Re8 27. Rxe8 Bxe8 28. Bb2 Bd7 29. Qe3 Qd8 30. Kf2 Qc8 31. Bc1 Bf5 32. Be4 c4 33. b4 c3 34. g4 Bd7 35. Bd3 Qd8 36. Qf3 a5 37. Be3 axb4 38. axb4 Qe8 39. Bd4 Qa8 40. h4 Qa1 41. h5 Be8 42. hxg6 fxg6 43. Qe4 Bf7 44. Qe1 Qa2 45. Qxc3 Qxd5 46. Qc7 Qxd4+ 47. Ke2 Qe5+ 48. Kd1 Qxf6 49. Bxb5 Qe5 50. Bd3 Qd5 51. b5 Qf3+ 52. Kc1 Qf4+ 53. Kd1 Qxg4+ 54. Kc1 Qf4+ 55. Kb1 Qb4+ 56. Kc1 h5 57. b6 Bh6+ 58. Kd1 Qd2# 0-1


[Site "https://www.chess.com"]

[Event "Titled Tuesday Blitz January 18 2022"]
[White "Costachi, Mihnea"]
[Black "Evdokimov, Alexander A."]
[WhiteFideId "1217518"]
[BlackFideId "4139275"]
[WhiteElo "2464"]
[BlackElo "2444"]
[Result "1-0"]
[Round "05"]
[TimeControl "180+1"]
[Date "2022.01.18"]
[WhiteClock "0:01:06"]
[BlackClock "0:00:50"]

1. e4 d6 2. d4 Nf6 3. Nc3 g6 4. f3 Bg7 5. Be3 c6 6. Qd2 b5 7. h4 Nbd7 8. g4 Nb6 9. h5 b4 10. Nd1 a5 11. h6 Bf8 12. a3 bxa3 13. Rxa3 a4 14. Nc3 e5 15. dxe5 Nfd7 16. exd6 Ba6 17. Bxa6 Rxa6 18. Qd4 f6 19. f4 Qb8 20. e5 c5 21. Qd3 fxe5 22. Qxa6 Bxd6 23. Nf3 exf4 24. Bd2 O-O 25. O-O Ne5 26. Nxe5 Bxe5 27. Ne4 Bd4+ 28. Kg2 Qe5 29. Qe2 Nd5 30. Raf3 Kh8 31. c3 Be3 32. Rxe3 Nxe3+ 33. Qxe3 1-0


[Site "https://www.chess.com"]

[Event "Titled Tuesday Blitz January 18 2022"]
[White "Djordjevic, Vuk"]
[Black "Klenburg, Michael"]
[WhiteFideId "902098"]
[BlackFideId "14102072"]
[WhiteElo "2463"]
[BlackElo "2359"]
[Result "1-0"]
[Round "05"]
[TimeControl "180+1"]
[Date "2022.01.18"]
[WhiteClock "0:00:05"]
[BlackClock "0:00:03"]

1. d4 d6 2. Bg5 c6 3. Nf3 Nd7 4. e3 Ngf6 5. c4 e5 6. Nc3 Be7 7. Be2 Ng4 8. Bxe7 Qxe7 9. dxe5 Ngxe5 10. Ne4 Nxf3+ 11. gxf3 d5 12. cxd5 cxd5 13. Qxd5 O-O 14. Rg1 Qb4+ 15. Qd2 Qxd2+ 16. Kxd2 Nb6 17. Rac1 Be6 18. b3 Rfd8+ 19. Bd3 Nd5 20. Ke2 Rac8 21. Rgd1 Nb4 22. Bb1 Rxd1 23. Rxd1 h6 24. Nd6 Rb8 25. f4 g6 26. Nb5 a5 27. Nd4 Bd7 28. a3 Nd5 29. Rc1 Rc8 30. Rxc8+ Bxc8 31. Kd3 b6 32. Kc4 Nc7 33. Be4 Ba6+ 34. Kc3 Kf8 35. b4 axb4+ 36. axb4 Ke7 37. Nc6+ Kd6 38. Ne5 Ke7 39. Bd3 Nd5+ 40. Kb3 Bxd3 41. Nxd3 Nf6 42. Kc4 Ne4 43. Kb5 Kd6 44. Kxb6 f6 45. b5 g5 46. fxg5 hxg5 47. Ka7 Nc3 48. b6 Nb5+ 49. Ka6 Kc6 50. b7 Nc7+ 51. Ka7 Nb5+ 52. Ka8 1-0


[Site "https://www.chess.com"]

[Event "Titled Tuesday Blitz January 18 2022"]
[White "Dolzhykova, Kateryna"]
[Black "Artemenko, Oleg"]
[WhiteFideId "14113414"]
[BlackFideId "14201798"]
[WhiteElo "2165"]
[BlackElo "2287"]
[Result "1-0"]
[Round "05"]
[TimeControl "180+1"]
[Date "2022.01.18"]
[WhiteClock "0:00:12"]
[BlackClock "0:00:20"]

1. e4 e6 2. d3 d5 3. Nd2 Nf6 4. Ngf3 dxe4 5. dxe4 Bc5 6. h3 O-O 7. c3 a5 8. a4 Nc6 9. Bc4 e5 10. O-O Ne8 11. Nb3 Qxd1 12. Rxd1 Bb6 13. Kf1 Nd6 14. Bd3 Be6 15. Nbd2 f6 16. Ke2 Rfd8 17. Nf1 Bc4 18. Ng3 Bb3 19. Re1 Nc4 20. Nd2 Rxd3 21. Nxb3 Rad8 22. Nf1 Kf7 23. Rb1 g6 24. Nbd2 Nxd2 25. Bxd2 f5 26. f3 Ke6 27. Rbd1 h5 28. Be3 Rxd1 29. Rxd1 Rxd1 30. Kxd1 Bxe3 31. Nxe3 f4 32. Nd5 Kd6 33. h4 Nd8 34. Kc2 c6 35. Nb6 Kc5 36. Nd7+ Kd6 37. Nb6 Nf7 38. Nc4+ Kc7 39. Nxa5 g5 40. hxg5 Nxg5 41. Nc4 Nf7 42. b4 b5 43. axb5 cxb5 44. Nd2 h4 45. Kb3 Ng5 46. c4 Kc6 47. Kc3 Kb6 48. Kd3 Kc6 49. Kc3 Nf7 50. cxb5+ Kxb5 51. Nc4 Kc6 52. Kb3 Kd7 53. b5 Kc7 54. Kb4 Kd7 55. Kc5 Kc7 56. Kd5 Ng5 57. Nxe5 Kb6 58. Kc4 Ka5 59. Kc5 Ne6+ 60. Kc6 Nd4+ 61. Kd5 Nxb5 62. Ng6 Nc3+ 63. Ke5 Kb5 64. Kxf4 Kc6 65. Nxh4 Kd6 66. Kg5 Ke6 67. Nf5 Ne2 68. Ne3 Kf7 69. g4 Nd4 70. f4 Nf3+ 71. Kf5 Nd4+ 72. Ke5 Nf3+ 73. Kd5 Ne1 74. f5 Nd3 75. e5 Nf4+ 76. Ke4 Ne2 77. Nd5 Ng3+ 78. Kf4 Ne2+ 79. Kg5 Nd4 80. e6+ Kg7 81. f6+ Kg8 82. e7 Kf7 83. Nf4 Nc6 84. Kh6 Ne5 85. g5 Ng4+ 86. Kh7 Ke8 87. Kg7 Ne5 88. g6 Nd7 89. Nd5 Nxf6 90. Nxf6+ Kxe7 91. Nh5 Ke6 92. Kh7 Kd5 93. g7 Ke5 94. g8=Q Kd4 95. Qg6 Kc3 96. Ng7 Kc4 97. Kh6 Kb3 98. Kg5 Kb4 99. Kf5 Ka3 100. Qf6 1-0


[Site "https://www.chess.com"]

[Event "Titled Tuesday Blitz January 18 2022"]
[White "Donchenko, Alexander"]
[Black "Papp, Petra"]
[WhiteFideId "24603295"]
[BlackFideId "739049"]
[WhiteElo "2539"]
[BlackElo "2259"]
[Result "1-0"]
[Round "05"]
[TimeControl "180+1"]
[Date "2022.01.18"]
[WhiteClock "0:02:02"]
[BlackClock "0:00:02"]

1. d4 d6 2. Nf3 f5 3. g3 Nf6 4. Bg2 g6 5. O-O Bg7 6. c4 O-O 7. Nc3 Nc6 8. d5 Ne5 9. Nxe5 dxe5 10. Qb3 h6 11. a4 Kh8 12. a5 a6 13. Rd1 g5 14. c5 Qe8 15. d6 exd6 16. cxd6 e4 17. dxc7 Qc6 18. Qb6 Bd7 19. Be3 Rac8 20. Qxc6 Bxc6 21. Bb6 Ne8 22. Nd5 Bxd5 23. Rxd5 Nxc7 24. Rd7 Nb5 25. Rxb7 Bxb2 26. Rd1 Rc1 27. Rxc1 Bxc1 28. g4 e3 29. fxe3 Re8 30. gxf5 Bxe3+ 31. Bxe3 Rxe3 32. f6 Nd6 33. Rb6 Nf7 34. Bd5 Ne5 35. Rxa6 Rxe2 36. Ra8+ Kh7 37. f7 Kg7 38. f8=Q+ 1-0


[Site "https://www.chess.com"]

[Event "Titled Tuesday Blitz January 18 2022"]
[White "Ellenbogen, Michael"]
[Black "Vokhidov, Shamsiddin"]
[WhiteFideId "2027143"]
[BlackFideId "14204223"]
[WhiteElo "2059"]
[BlackElo "2611"]
[Result "0-1"]
[Round "05"]
[TimeControl "180+1"]
[Date "2022.01.18"]
[WhiteClock "0:00:04"]
[BlackClock "0:00:28"]

1. c4 e5 2. g3 Nf6 3. Bg2 c6 4. d4 e4 5. Bg5 Qa5+ 6. Qd2 Bb4 7. Nc3 d5 8. Bxf6 gxf6 9. cxd5 cxd5 10. e3 Bxc3 11. Qxc3 Qxc3+ 12. bxc3 Nc6 13. Ne2 Be6 14. O-O Na5 15. f3 f5 16. Nf4 Rc8 17. Rab1 Rxc3 18. Rb5 Nc4 19. fxe4 dxe4 20. Rxb7 O-O 21. Rc7 Rc8 22. Nxe6 Rxc7 23. Nxc7 Nxe3 24. Nb5 Rd3 25. Rc1 a6 26. Bf1 Nxf1 27. Kxf1 axb5 28. Rc5 Rf3+ 29. Kg2 b4 30. Rb5 Ra3 31. Rxb4 Rxa2+ 32. Kh3 Kg7 33. Rb6 Rd2 34. Rd6 f6 35. d5 Kg6 36. Rd7 h5 37. d6 f4 38. gxf4 Kf5 0-1


[Site "https://www.chess.com"]

[Event "Titled Tuesday Blitz January 18 2022"]
[White "Erece, Ece Alkim"]
[Black "Moskalenko, Alexander"]
[WhiteFideId "6346006"]
[BlackFideId "4155351"]
[WhiteElo "1662"]
[BlackElo "2515"]
[Result "0-1"]
[Round "05"]
[TimeControl "180+1"]
[Date "2022.01.18"]
[WhiteClock "0:00:14"]
[BlackClock "0:00:20"]

1. Nf3 g6 2. g3 b6 3. Bg2 Bb7 4. d3 Bg7 5. e4 d6 6. Nbd2 Nd7 7. c3 e6 8. Qc2 Ne7 9. O-O h6 10. d4 a6 11. Re1 c5 12. Nb3 Qc7 13. Qe2 b5 14. Be3 Rc8 15. Rac1 Bxe4 16. dxc5 Bxf3 17. Qxf3 Nxc5 18. Nxc5 dxc5 19. Bf4 e5 20. Be3 O-O 21. Rcd1 Nf5 22. Rd5 Nxe3 23. Qxe3 Rfd8 24. Red1 c4 25. Qd2 Rxd5 26. Qxd5 Bf6 27. Qb7 a5 28. Qxb5 Rb8 29. Qd7 Qxd7 30. Rxd7 Kf8 31. Bd5 Be7 32. Bxc4 Rxb2 33. Ra7 a4 34. Rxa4 Bc5 35. Ra8+ Kg7 36. Rc8 Bxf2+ 37. Kg2 Bb6+ 38. Kf3 f5 39. Rc6 Rf2# 0-1


[Site "https://www.chess.com"]

[Event "Titled Tuesday Blitz January 18 2022"]
[White "Ezat, Mohamed"]
[Black "Reprintsev, Alexander"]
[WhiteFideId "10600906"]
[BlackFideId "14100541"]
[WhiteElo "2386"]
[BlackElo "2126"]
[Result "0-1"]
[Round "05"]
[TimeControl "180+1"]
[Date "2022.01.18"]
[WhiteClock "0:00:07"]
[BlackClock "0:00:07"]

1. d4 d5 2. c4 e5 3. dxe5 d4 4. Nf3 Nc6 5. g3 Nge7 6. Bg2 Ng6 7. O-O Ngxe5 8. Nxe5 Nxe5 9. Nd2 Be7 10. Nb3 Nxc4 11. Nxd4 O-O 12. e3 Bf6 13. b3 Bxd4 14. exd4 Nd6 15. Bf4 c6 16. d5 c5 17. Rc1 b6 18. Re1 Bf5 19. h4 h6 20. Re5 Bh7 21. Qe2 Nf5 22. d6 Nd4 23. Qa6 Rb8 24. Qxa7 Qf6 25. d7 Rbd8 26. Rce1 Nc6 27. Bxc6 Qxc6 28. Re7 Bf5 29. f3 Rxd7 30. Rxd7 Bxd7 31. Qc7 Rc8 32. Qxc6 Bxc6 33. Kf2 f6 34. Re7 b5 35. Bd2 c4 36. bxc4 bxc4 37. Bc3 Rd8 38. Re2 Rd3 39. Re3 Rd1 40. g4 Rc1 41. g5 Rc2+ 42. Kg3 fxg5 43. hxg5 hxg5 44. Kg4 Rxa2 45. Kxg5 Rg2+ 46. Kf4 Ba4 47. Re7 Bc2 48. Rc7 Bd3 49. Ke3 Kh7 50. Kf4 Kh6 51. Ke3 g5 52. Rc6+ Kh5 53. Rc8 Re2+ 54. Kd4 Kh4 55. Bb4 Kg3 56. Rg8 Kxf3 57. Rxg5 Re4+ 58. Kc3 Re2 59. Bc5 Rc2+ 60. Kd4 Kf4 61. Rg8 Kf5 62. Rf8+ Ke6 63. Re8+ Kd7 64. Re7+ Kc6 65. Re6+ Kb5 66. Rb6+ Ka5 67. Rb8 Re2 68. Bb4+ Ka4 69. Kc3 Rc2+ 70. Kd4 Kb3 71. Bc3+ Ka2 72. Ra8+ Kb3 73. Rb8+ Ka4 74. Ra8+ Kb5 75. Ra5+ Kc6 76. Rh5 Kd7 77. Rh6 Re2 78. Rh4 Ke6 79. Rf4 Rg2 80. Kc5 Rg5+ 81. Kb4 Rg8 82. Rf6+ Kd5 83. Rb6 Ke4 84. Rb7 Kf3 85. Re7 Kf2 86. Bd2 Rb8+ 87. Kc3 Kf3 88. Kd4 Kg4 89. Kc3 Rb3+ 90. Kd4 Rb2 91. Bc3 Rc2 92. Re1 Kf3 93. Re8 Rc1 94. Re3+ Kf2 95. Re8 Kg3 96. Rf8 Rd1 97. Kc5 Rb1 98. Kd4 Kg4 99. Kc5 Kg5 100. Kd4 Rb7 101. Rf2 Rd7+ 102. Ke3 Bg6 103. Rg2+ Kh6 104. Rf2 Rd3+ 105. Kf4 Rxc3 106. Ke5 Kg7 107. Ke6 Rc1 108. Kd5 Bd3 109. Kd4 Kh6 110. Rg2 Kh5 111. Rg8 Rf1 112. Rg2 Kh4 113. Kc3 Rf3 114. Rg7 Rg3 115. Rf7 Bg6+ 0-1


[Site "https://www.chess.com"]

[Event "Titled Tuesday Blitz January 18 2022"]
[White "FGHSMN"]
[Black "Nozdrachev, Leonid"]
[BlackFideId "24113433"]
[WhiteElo "2742"]
[BlackElo "2124"]
[Result "1-0"]
[Round "05"]
[TimeControl "180+1"]
[Date "2022.01.18"]
[WhiteClock "0:01:09"]
[BlackClock "0:00:01"]

1. b3 Nf6 2. Bb2 g6 3. Nf3 Bg7 4. g3 O-O 5. Bg2 d6 6. d4 e5 7. dxe5 Ng4 8. c4 dxe5 9. Qxd8 Rxd8 10. h3 e4 11. Bxg7 exf3 12. Bxf3 Rd1+ 13. Kxd1 Nxf2+ 14. Ke1 Nxh1 15. Be5 Nc6 16. Bxc7 Nd4 17. Bxh1 Nc2+ 18. Kd2 Nxa1 19. Be5 Bf5 20. e4 Rd8+ 21. Kc1 Nxb3+ 22. axb3 Bxh3 23. Nc3 Rd3 24. Kc2 Bf1 25. Nd5 Be2 26. Nf4 Rd1 27. Bg2 Bg4 28. Bh3 Re1 29. Bxg4 1-0


[Site "https://www.chess.com"]

[Event "Titled Tuesday Blitz January 18 2022"]
[White "Farahat, Ali"]
[Black "Maksimovic, Bojan"]
[WhiteFideId "10600507"]
[BlackFideId "14408120"]
[WhiteElo "2321"]
[BlackElo "2450"]
[Result "0-1"]
[Round "05"]
[TimeControl "180+1"]
[Date "2022.01.18"]
[WhiteClock "0:00:27"]
[BlackClock "0:00:19"]

1. e4 c5 2. Nf3 Nc6 3. Bb5 e6 4. O-O Nge7 5. Re1 a6 6. Bf1 d5 7. exd5 Nxd5 8. d4 Nf6 9. c3 Be7 10. Be3 cxd4 11. Nxd4 Bd7 12. Qf3 O-O 13. Rd1 Qc7 14. Nd2 Nxd4 15. Bxd4 Bc6 16. Qh3 e5 17. Be3 Nd5 18. Bd3 g6 19. Bh6 Rfe8 20. Be4 Rad8 21. Nb3 Nf4 22. Bxf4 Bxe4 23. Qe3 f5 24. Bg5 Rxd1+ 25. Rxd1 Bf8 26. h4 Bc6 27. h5 f4 28. Qe2 h6 29. Qc4+ Kg7 30. Bh4 g5 31. Qd3 Qf7 0-1


[Site "https://www.chess.com"]

[Event "Titled Tuesday Blitz January 18 2022"]
[White "Fawzy, Adham"]
[Black "Yoo, Christopher Woojin"]
[WhiteFideId "10613129"]
[BlackFideId "30909694"]
[WhiteElo "2510"]
[BlackElo "2105"]
[Result "1-0"]
[Round "05"]
[TimeControl "180+1"]
[Date "2022.01.18"]
[WhiteClock "0:00:08"]
[BlackClock "0:00:02"]

1. e4 c5 2. c4 Nc6 3. Nc3 g6 4. g3 Bg7 5. Bg2 d6 6. Nge2 Nf6 7. d3 h5 8. h3 Bd7 9. Be3 a6 10. d4 cxd4 11. Nxd4 Rc8 12. Rc1 Nxd4 13. Qxd4 b5 14. cxb5 axb5 15. O-O O-O 16. Qb4 Rc4 17. Qb3 Qa5 18. Rfd1 Rfc8 19. Bf1 R4c7 20. a3 Rb8 21. Qb4 Qxb4 22. axb4 Be6 23. f3 Bb3 24. Re1 Nd7 25. Nxb5 Rxc1 26. Rxc1 Ne5 27. f4 Nd7 28. Rc7 Nf6 29. Rxe7 Bf8 30. Ra7 Nxe4 31. Kh2 d5 32. Nd4 Rxb4 33. Nc6 1-0


[Site "https://www.chess.com"]